 Dungeon Crawl Stone Soup version 0.31.0-7-gf635a9b802 (webtiles) character file.

Game seed: 8460887780746878150

45 Aneyh the Cudgeller (level 3, -2/23 HPs)
             Began as a Tengu Monk on Jan 24, 2024.
             Slain by an adder (3 damage)
             ... on level 1 of the Dungeon.
             The game lasted 00:01:14 (843 turns).

Aneyh the Cudgeller (Tengu Monk)                     Turns: 843, Time: 00:01:14

Health: -2/23      AC:  3    Str: 13    XL:     3   Next: 64%
Magic:  4/4        EV: 13    Int: 10    God:
Gold:   42         SH:  0    Dex: 16    Spells: 2/2 levels left

rFire   . . .        a - +0 mace
rCold   . . .        (no shield)
rNeg    . . .        b - +0 robe
rPois   .            (helmet restricted)
rElec   .            (no cloak)
rCorr   .            f - +0 pair of gloves
SInv    .            (boots unavailable)
Will    .....        (no amulet)
Stlth   ++           (no ring)
HPRegen 0.23/turn    (no ring)
MPRegen 0.09/turn

%: acrobat
@: lethally poisoned (-2 -> -6)
A: beak, talons 3, acrobatic
a: no special abilities


You were on level 1 of the Dungeon.
You visited 1 branch of the dungeon, and saw 2 of its levels.

You collected 42 gold pieces.

Inventory:

Hand Weapons
 a - a +0 mace (weapon)
Armour
 b - a +0 robe (worn)
 d - an orb of light
 f - a +0 pair of gloves (worn)
Scrolls
 e - a scroll of fear {unknown}
 j - a scroll of identify {unknown}
 k - a scroll of blinking {unknown}
 l - 2 scrolls of noise {unknown}
Potions
 c - a potion of ambrosia
 g - a potion of mutation {unknown}
 h - 2 potions of invisibility {unknown}
 i - a potion of brilliance {unknown}


   Skills:
 * Level 3.4 Fighting
 + Level 4.0 Maces & Flails
 - Level 3.9 Dodging
 - Level 0.5 Stealth


You had 2 spell levels left.
You didn't know any spells.
Your spell library contained the following spells:

 Spells                   Type           Power      Damage    Failure   Level
 Sting                    Conj/Alch      0%         1d3       36%         1
 Mercury Vapours          Alch/Air       0%         N/A       50%         2
 Olgreb's Toxic Radiance  Alch           0%         N/A       98%         4


Dungeon Overview and Level Annotations

Branches:
Dungeon (2/15)

Altars:


Innate Abilities, Weirdness & Mutations

You have a beak for a mouth.
You have claws for feet.
You can magically evade attacks while moving or waiting.


Message History

You feel sick. The gnoll hits you but does no damage.
There are monsters nearby!
You hit the gnoll.
You kill the gnoll!
You feel sick.
You are no longer poisoned.
The adder completely misses you. The adder closely misses you.
Your Maces & Flails skill increases to level 4!
Unknown command.
There is a stone staircase leading up here.
The adder bites you.
You climb upwards.
There is a stone staircase leading down here.
You miss the adder. Your kick misses the adder.
The adder bites you but does no damage. x2
You barely miss the adder. The adder closely misses you.
You barely miss the adder. You claw the adder.
The adder is heavily wounded.
The adder bites you. x2
You are poisoned.
The adder poisons you!
You are too injured to fight recklessly!
You are too injured to fight recklessly!
You are too injured to fight recklessly!
You barely miss the adder.
The adder is heavily wounded.
You feel sick. The adder bites you but does no damage.
You closely miss the adder. Your kick misses the adder.
Your peck misses the adder.
The adder is heavily wounded.
You feel sick. The adder misses you. The adder closely misses you.
You hit the adder.
The adder is severely wounded.
You feel sick.
You are no longer poisoned.
The adder bites you.
* * * LOW HITPOINT WARNING * * *
You are lethally poisoned!
The adder poisons you! The adder bites you.
You die...

#..#.#.###..........#8..♣..∩.....
#..#.#.####.##.##.#.#............
#..#.#.#....##.##.#.#............
#..#.#......##.##.#.#...∩..8..♣..
...#.........#.##.#..............
#.####.......#......#............
#.# #.......####.#.#8.....∩..♣..
#.# ##...(.## ##..........###..#
#.# #....## #@S#.............#
#.# #.#### #.#########.#....# #.#
#.# #.# #.#.#### ..# #.# #.#
#.#.# #######.# #.# #.#.#
........# #.# #.#.#
#######.########.# ######.#.#
#..........# #......#.#
#.########## #.######.#


You could see an adder.

Vanquished Creatures
  An adder (D:2)
  A gnoll (D:2)
  A ball python (D:1)
  3 endoplasms (D:1)
  A giant cockroach (D:1)
  2 hobgoblins (D:1)
  4 jackals (D:1)
  2 quokkas (D:1)
  A bat (D:1)
  5 goblins (D:1)
  4 rats (D:1)
25 creatures vanquished.

Notes
Turn   | Place    | Note
-------+----------+-------------------------------------------
     0 | D:1      | Aneyh the Tengu Monk began the quest for the Orb.
     0 | D:1      | Reached XP level 1. HP: 14/14 MP: 2/2
   102 | D:1      | Found a faded altar of an unknown god.
   168 | D:1      | Reached XP level 2. HP: 19/19 MP: 3/3
   501 | D:1      | Reached XP level 3. HP: 22/23 MP: 4/4
   835 | D:2      | Reached skill level 4 in Maces & Flails
   843 | D:1      | HP: 1/23 [adder (4)]
   843 | D:1      | Slain by an adder

Illustrated notes

Levels and vault maps discovered:
D:1:      eino_arrival_cavern_a, layout_loops_ring,
          hellmonk_ecumenical_altar_arch_garden
D:2:      layout_loops_ring, basic_altar

Skill      XL: |  1  2  3 |
---------------+----------+-----
Maces & Flails | 4 |  4.0
Fighting       | |  3.4
Dodging        | |  3.9
Stealth        | |  0.5

Action                     || total
---------------------------++-------
  Melee: Mace              ||    55
         Kick              ||    11
         Peck              ||     7
   Stab: Sleeping          ||     2
 Armour: Robe              ||    33
  Dodge: Dodged            ||    38
